[Event "Schack-SM 2022: Sverigemastarklassen"]
[Site "Fyrishov, Idrottsgatan 2, Uppsala, Sweden"]
[Date "2022.07.10"]
[Round "9.1"]
[White "Smith, Axel"]
[Black "Cramling, Pia"]
[Result "1/2-1/2"]
[TimeControl "90 minutes for 40 moves + 30 minutes for the rest of the game + 30 seconds per move from move one."]
[WhiteTitle "GM"]
[BlackTitle "GM"]
[WhiteFideId "1707930"]
[BlackFideId "1700030"]
[WhiteElo "2417"]
[BlackElo "2459"]

1. c4 c5 2. Nf3 Nc6 3. d4 cxd4 4. Nxd4 Nf6 5. Nc3 e6 6. Bf4 d6 7. Nxc6 bxc6 8. e4 e5 9. Be3 Be7 10.
Be2 O-O 11. O-O Be6 12. b4 a6 13. a4 d5 14. cxd5 cxd5 15. exd5 Nxd5 16. Nxd5 Qxd5 17. Qxd5 Bxd5 18. Rfd1 Bb3 19.
Rdb1 Bd5 20. a5 f5 21. b5 f4 22. Bb6 axb5 23. Bxb5 Rf6 24. Bf1 Kf7 25. a6 Rc6 26. Ba5 Bc5 27.
Rb7+ Kf6 28. Bb5 Rd6 29. Rc1 Rdxa6 30. Rxc5 Bxb7 31. Bxa6 Rxa6 32. Bc3 Re6 33. f3 h6 34. h4 g6 35.
Kf2 Kf5 36. Bb2 Re7 37. Bc3 g5 38. hxg5 hxg5 39. g3 g4 40. gxf4 Kxf4 41. Bxe5+ Rxe5 42. Rxe5 g3+ 43. Kg2 Bxf3+ 44. Kh3 Kxe5 45. Kxg3 1/2-1/2

[Event "Schack-SM 2022: Sverigemastarklassen"]
[Site "Fyrishov, Idrottsgatan 2, Uppsala, Sweden"]
[Date "2022.07.10"]
[Round "9.2"]
[White "Carlsson, Ludvig"]
[Black "Blomqvist, Erik"]
[Result "1/2-1/2"]
[TimeControl "90 minutes for 40 moves + 30 minutes for the rest of the game + 30 seconds per move from move one."]
[WhiteTitle "IM"]
[BlackTitle "GM"]
[WhiteFideId "1727010"]
[BlackFideId "1709437"]
[WhiteElo "2399"]
[BlackElo "2521"]

1. d4 Nf6 2. c4 e6 3. Nf3 Bb4+ 4. Bd2 Bxd2+ 5. Qxd2 d5 6. Nc3 O-O 7. e3 Qe7 8. cxd5 exd5 9. Bd3 b6 10.
O-O Bb7 11. Ne5 c5 12. f4 Nc6 13. Rad1 Rad8 14. Bb1 Qe6 15. Qe1 Ne7 16. f5 Qd6 17. Qh4 Rfe8 18. Nb5 Qb8 19. Rf3 Nc6 20.
Ng4 Nxg4 21. Qxg4 f6 22. Rg3 Rd7 23. Nc3 cxd4 24. exd4 Na5 25. Bd3 Nc4 26. Bxc4 dxc4 27. d5 Qc7 28.
Qd4 Re5 29. Re3 Rxf5 30. Re8+ Kf7 31. Qe4 Qf4 32. Qe6+ Kg6 33. h3 Rd6 34. Qg8 Qf2+ 35. Kh1 Rg5 36. Re2 Qf5 37. Re7 Bxd5 38. Nxd5 Rxd5 39. Qxg7+ Kh5 40. Qxh7+ Qxh7 41. Rxh7+ Kg6 42.
Rxd5 Rxd5 43. Rxa7 Rd2 44. Ra4 Rxb2 45.
Rxc4 Rxa2 46. Rb4 Ra6 47. Kh2 Kg5 48. h4+ Kh5 49. Kh3 f5 50. Rb5 Kg6 51. g3 Kf6 52. Rb1 Kg6 53. Rb4 Kf6 54.
Rb3 Kg6 55. Kg2 Kf6 56. Kf3 Ke5 57. Rb5+ Kf6 58. Kg2 Kg6 59. Kh2 Kf6 60. Kh3 Kg6 61. Rd5 Ra3 62. Rd6+ Kg7 63. Rxb6 f4 64.
Rb4 Rxg3+ 65. Kh2 Rg4 66. Kh3 Rg3+ 1/2-1/2

[Event "Schack-SM 2022: Sverigemastarklassen"]
[Site "Fyrishov, Idrottsgatan 2, Uppsala, Sweden"]
[Date "2022.07.10"]
[Round "9.3"]
[White "Seo, Jung Min"]
[Black "Hillarp, Tiger"]
[Result "1/2-1/2"]
[TimeControl "90 minutes for 40 moves + 30 minutes for the rest of the game + 30 seconds per move from move one."]
[WhiteTitle "IM"]
[BlackTitle "GM"]
[WhiteFideId "1734687"]
[BlackFideId "1700812"]
[WhiteElo "2492"]
[BlackElo "2516"]

1. d4 Nf6 2. c4 d6 3. Nf3 Nbd7 4. Nc3 e5 5. e4 Be7 6. Be2 O-O 7. O-O c6 8. Rb1 Re8 9. b4 exd4 10.
Nxd4 Bf8 11. Qc2 Ne5 12. Rd1 Qc7 13. Bf4 Bg4 14. f3 Bd7 15. Bg5 Be7 16. Qd2 Rad8 17. Bf1 h6 18. Be3 Bf8 19.
Rbc1 Qb8 20. b5 c5 21. Nb3 b6 22. a4 Be6 23. Nd5 Nxd5 24. exd5 Bf5 25. a5 Be7 26. Re1 Qc7 27. Bf2 Ng6 28.
f4 Bf6 29. g3 Qd7 30. Rxe8+ Rxe8 31. Re1 Nf8 32. Rxe8 Qxe8 33. Bd3 Bh3 34. Qe3 Qd7 35. a6 g6 36. Qe2 Nh7 37. Nd2 Bg7 38.
Ne4 Nf6 39. Nxf6+ Bxf6 40. Qe4 h5 41. Qe2 Kg7 42. Qc2 Qe8 43. Qe2 Qd8 44. Qc2 Ba1 45. Bf1 Bd7 46. Qd1 Qf6 47. Qd2 Bc3 48.
Qd1 Kf8 49. Be3 Bg4 50. Qd3 Bf5 51. Qd1 Bg4 1/2-1/2

[Event "Schack-SM 2022: Sverigemastarklassen"]
[Site "Fyrishov, Idrottsgatan 2, Uppsala, Sweden"]
[Date "2022.07.10"]
[Round "9.4"]
[White "Johansson, Linus"]
[Black "Jogstad, Martin"]
[Result "1/2-1/2"]
[TimeControl "90 minutes for 40 moves + 30 minutes for the rest of the game + 30 seconds per move from move one."]
[WhiteTitle "IM"]
[BlackTitle "FM"]
[WhiteFideId "1711113"]
[BlackFideId "1715364"]
[WhiteElo "2468"]
[BlackElo "2384"]

1. d4 d5 2. c4 e6 3. Nc3 a6 4. cxd5 exd5 5. Nf3 Nf6 6. Bg5 Be6 7. e3 Nbd7 8. Bd3 c6 9. O-O Bd6 10.
Qc2 Qc7 11. Bh4 Bg4 12. Bg3 O-O 13. Nd2 Bxg3 14. hxg3 Rfe8 15. Rfc1 Bh5 16. Na4 Bg6 17. b4 Rec8 18. Nc5 Ne8 19.
Qd1 Bxd3 20. Nxd3 Nd6 21. a4 Qd8 22. Nb3 Qe7 23. Qf3 g6 24. g4 Kg7 25. g3 Rh8 26. Kg2 h5 27. Rh1 hxg4 28.
Qxg4 f5 29. Qf3 Nf6 30. Ne5 Nd7 31. Nxd7 Qxd7 32. Qf4 Qe7 33. Nc5 Ne4 34. f3 Nxc5 35. bxc5 Rae8 36. Rxh8 Rxh8 37. Rb1 Rh7 38.
Qe5+ Qxe5 39. dxe5 Kf8 40. f4 Rd7 41. Kf3 Rh7 42. Ke2 Re7 43. Kd3 Kf7 44. Rh1 Kg7 45. Kd4 Re8 46. Rh4 Re7 47.
g4 fxg4 48. Rxg4 Kf7 49. Rg1 Re8 50. Kd3 Re7 51. Ke2 Re8 52. Rh1 Kg7 53. e4 dxe4 54. Rd1 Kf7 55. Ke3 g5 56. Rd7+ Ke6 57.
Rd6+ Kf7 58. Rf6+ Kg7 59. Kxe4 gxf4 60. Rxf4 Rd8 61. Kf5 Rf8+ 62. Ke4 Rd8 63. Kf5 Rf8+ 64. Kg5 Re8 65. Rf5 Re6 66.
Kf4 Rh6 67. Ke4 Rh1 68. Rf3 Re1+ 69. Re3 Rc1 70. Kd4 Kf7 71. Rh3 Rd1+ 72. Kc4 Ke6 73. Rb3 Rd7 74. Kb4 Kxe5 75. Ka5 Kd4 76.
Kb6 Kc4 77. Rb1 a5 78. Kxa5 Kxc5 79. Rc1 Kd6 80. Kb6 Ke7 81. Rh1 Rd4 82. Kxb7 Rxa4 83. Kxc6 1/2-1/2

[Event "Schack-SM 2022: Sverigemastarklassen"]
[Site "Fyrishov, Idrottsgatan 2, Uppsala, Sweden"]
[Date "2022.07.10"]
[Round "9.5"]
[White "Hector, Jonny"]
[Black "Westerberg, Jonathan"]
[Result "0-1"]
[TimeControl "90 minutes for 40 moves + 30 minutes for the rest of the game + 30 seconds per move from move one."]
[WhiteTitle "GM"]
[BlackTitle "GM"]
[WhiteFideId "1700090"]
[BlackFideId "1701754"]
[WhiteElo "2441"]
[BlackElo "2476"]

1. e4 c5 2. Nf3 Nc6 3. Nc3 e5 4. Bc4 Be7 5. d3 d6 6. Nd2 Bg5 7. h4 Bxd2+ 8. Bxd2 Nf6 9. Bg5 h6 10.
Bxf6 Qxf6 11. Nd5 Qd8 12. c3 Be6 13. Qe2 Qd7 14. a4 O-O 15. g4 Ne7 16. Nxe7+ Qxe7 17. Kd2 g6 18. Kc2 Kg7 19.
h5 g5 20. Ra3 Rab8 21. Rha1 b6 22. Ba6 Qd7 23. f3 Qc7 24. c4 Bc8 25. Bxc8 Rfxc8 26. b3 a6 27. Qd2 Rb7 28. Kd1 Qe7 29.
Ke2 Qf6 30. Kf2 Rc6 31. Kg2 b5 32. axb5 axb5 33. Ra7 Rcb6 34. Rxb7 Rxb7 35. Ra8 bxc4 36. bxc4 Rb4 37. Re8 Rb6 38.
Kf2 Rb3 39. Qc2 Ra3 40. Qd2 Rb3 41. Qc2 Rb4 42. Qc1 Ra4 43. Qc2 Ra6 44. Qd2 Rb6 45. Kg2 Rb3 46. Kf2 d5 47. exd5 e4 48.
Qe3 Rb2+ 49. Kf1 Rb1+ 50. Kf2 Qb2+ 51. Qe2 Qd4+ 52. Kg3 exd3 0-1

[Event "Schack-SM 2022: Sverigemastarklassen"]
[Site "Fyrishov, Idrottsgatan 2, Uppsala, Sweden"]
[Date "2022.07.09"]
[Round "8.1"]
[White "Cramling, Pia"]
[Black "Hector, Jonny"]
[Result "0-1"]
[TimeControl "90 minutes for 40 moves + 30 minutes for the rest of the game + 30 seconds per move from move one."]
[WhiteTitle "GM"]
[BlackTitle "GM"]
[WhiteFideId "1700030"]
[BlackFideId "1700090"]
[WhiteElo "2459"]
[BlackElo "2441"]

1. d4 d5 2. Nf3 Nf6 3. c4 c6 4. Qb3 dxc4 5. Qxc4 Bg4 6. Nbd2 Nbd7 7. g3 e6 8. Bg2 Be7 9. O-O O-O 10.
Qb3 Qb6 11. Nc4 Qa6 12. Bd2 Nb6 13. Rfc1 Nxc4 14. Qxc4 Qxc4 15. Rxc4 Nd7 16. Bb4 Nb6 17. Bxe7 Nxc4 18. Bxf8 Kxf8 19.
Rc1 Nb6 20. e3 Bxf3 21. Bxf3 Rd8 22. Rc5 f6 23. Ra5 a6 24. Ra3 Rd7 25. Rb3 Nc4 26. Be2 Nd6 27. h4 Ke7 28. Rc3 h6 29.
Kg2 Nf7 30. Rc2 e5 31. dxe5 Nxe5 32. a3 f5 33. f4 Ng4 34. Kf3 Nf6 35. b4 h5 36. a4 Ne4 37. b5 axb5 38. axb5 c5 39.
Ra2 Rd6 40. Ra7 Rb6 41. Bd3 Nd6 42. Ra4 Ke6 43. e4 fxe4+ 44. Bxe4 Rxb5 45. Bg6 Rb3+ 46. Kg2 c4 47. Bxh5 c3 48.
Bg6 c2 49. Ra1 Rc3 50. Rc1 Nf5 51. Kf2 b5 52. Ke1 b4 53. Kd2 Rxg3 54. Re1+ Kf6 55. Bxf5 Rg2+ 56. Kc1 Kxf5 57. Re5+ Kxf4 58.
Rb5 Kg4 59. Rxb4+ Kh5 60. Rc4 g6 61. Ra4 Rh2 62. Ra6 Rxh4 63. Kxc2 Rd4 0-1

[Event "Schack-SM 2022: Sverigemastarklassen"]
[Site "Fyrishov, Idrottsgatan 2, Uppsala, Sweden"]
[Date "2022.07.09"]
[Round "8.2"]
[White "Hillarp, Tiger"]
[Black "Carlsson, Ludvig"]
[Result "1/2-1/2"]
[TimeControl "90 minutes for 40 moves + 30 minutes for the rest of the game + 30 seconds per move from move one."]
[WhiteTitle "GM"]
[BlackTitle "IM"]
[WhiteFideId "1700812"]
[BlackFideId "1727010"]
[WhiteElo "2516"]
[BlackElo "2399"]

1. Nf3 d5 2. d3 Nc6 3. g3 e5 4. Bg2 Nf6 5. O-O a5 6. Nc3 h6 7. e4 dxe4 8. dxe4 Qxd1 9. Rxd1 Bd6 10.
h3 Be6 11. Be3 O-O-O 12. a3 Be7 13. Bf1 Rxd1 14. Rxd1 Rd8 15. Rxd8+ Kxd8 16. Bb5 Nd7 17. Bxc6 bxc6 18. h4 c5 19.
Nd2 c4 20. Nd5 c6 21. Nxe7 Kxe7 22. Nb1 Bg4 23. Bd2 Bf3 24. Bxa5 Bxe4 25. Nd2 Bxc2 26. Nxc4 Ke6 27. f3 f5 28.
Kf2 Bd1 29. Bc3 g5 30. hxg5 hxg5 31. Ne3 Bb3 32. f4 exf4 33. gxf4 g4 34. Nf1 Nc5 35. Ng3 Bc2 36. Ke3 Ne4 37.
Nxe4 Bxe4 38. Kf2 Kd7 39. Kg3 1/2-1/2

[Event "Schack-SM 2022: Sverigemastarklassen"]
[Site "Fyrishov, Idrottsgatan 2, Uppsala, Sweden"]
[Date "2022.07.09"]
[Round "8.3"]
[White "Blomqvist, Erik"]
[Black "Johansson, Linus"]
[Result "1-0"]
[TimeControl "90 minutes for 40 moves + 30 minutes for the rest of the game + 30 seconds per move from move one."]
[WhiteTitle "GM"]
[BlackTitle "IM"]
[WhiteFideId "1709437"]
[BlackFideId "1711113"]
[WhiteElo "2521"]
[BlackElo "2468"]

1. e4 e6 2. d4 d5 3. Nc3 Bb4 4. e5 c5 5. a3 Bxc3+ 6. bxc3 Ne7 7. Qg4 Qc7 8. Bd3 c4 9. Be2 Qa5 10.
Bd2 Nf5 11. h4 Bd7 12. h5 h6 13. a4 Nc6 14. Nf3 Rg8 15. Nh4 Nfe7 16. Qh3 O-O-O 17. Bg4 Kb8 18. f4 Rde8 19. Qe3 g6 20.
Qf2 Ka8 21. Nf3 Rh8 22. Rh3 Nd8 23. Nh2 Bxa4 24. Bd1 b5 25. Ng4 Qc7 26. Nf6 Ref8 27. g4 Ng8 28. Nxg8 Rfxg8 29. Bc1 Nc6 30.
Ba3 Qd8 31. Kd2 f6 32. hxg6 Rxg6 33. Bd6 Qg8 34. Bf3 Rxg4 35. exf6 Rg6 36. Be5 Qf8 37. f5 Rxf6 38. Bxf6 Qxf6 39.
Rh5 Ne7 40. Re1 exf5 41. Qe3 Rh7 42. Qe6 Qxe6 43. Rxe6 Kb7 44. Rexh6 Rxh6 45. Rxh6 Kc7 46. Ra6 Kd7 47. Rxa7+ Ke6 48.
Ra6+ Kd7 49. Rf6 Kc7 50. Kc1 Kd7 51. Kb2 Kc7 52. Bd1 Kd7 53. Ka3 Kc8 54. Kb4 Kc7 55. Kc5 Kd7 56. Ra6 Kc7 57.
Rh6 Kd7 58. Ra6 Kc7 59. Rd6 Kc8 60. Kb6 Kb8 61. Rd8+ Nc8+ 62. Kc5 1-0

[Event "Schack-SM 2022: Sverigemastarklassen"]
[Site "Fyrishov, Idrottsgatan 2, Uppsala, Sweden"]
[Date "2022.07.09"]
[Round "8.4"]
[White "Westerberg, Jonathan"]
[Black "Seo, Jung Min"]
[Result "1/2-1/2"]
[TimeControl "90 minutes for 40 moves + 30 minutes for the rest of the game + 30 seconds per move from move one."]
[WhiteTitle "GM"]
[BlackTitle "IM"]
[WhiteFideId "1701754"]
[BlackFideId "1734687"]
[WhiteElo "2476"]
[BlackElo "2492"]

1. e4 e5 2. Nf3 Nc6 3. d4 exd4 4. Nxd4 Nf6 5. Nxc6 bxc6 6. Qe2 Qe7 7. e5 Nd5 8. h4 a5 9. c4 Nb6 10.
Nc3 Ba6 11. b3 Qe6 12. Bd2 Bb4 13. f4 O-O 14. Ne4 d6 15. Ng5 Qe7 16. Bxb4 axb4 17. Qe4 f5 18. Qxc6 Rfe8 19. c5 dxe5 20.
Bxa6 exf4+ 21. Kf1 Rxa6 22. Nf3 Qe2+ 23. Kg1 Na8 24. Qd5+ Qe6 25. Qd4 Qe3+ 26. Kh2 Qxd4 27. Nxd4 g6 28.
Rhc1 c6 29. Rc4 Nc7 30. Rxb4 Nd5 31. Ra4 Rxa4 32. bxa4 Re4 33. Nxc6 Rxa4 34. Rd1 Ne3 35. Rd8+ Kg7 36. Rd7+ Kf6 37.
Rd6+ Kg7 38. Rd7+ Kf6 39. Rd6+ Kg7 40. Rd7+ Kf6 1/2-1/2

[Event "Schack-SM 2022: Sverigemastarklassen"]
[Site "Fyrishov, Idrottsgatan 2, Uppsala, Sweden"]
[Date "2022.07.09"]
[Round "8.5"]
[White "Jogstad, Martin"]
[Black "Smith, Axel"]
[Result "1/2-1/2"]
[TimeControl "90 minutes for 40 moves + 30 minutes for the rest of the game + 30 seconds per move from move one."]
[WhiteTitle "FM"]
[BlackTitle "GM"]
[WhiteFideId "1715364"]
[BlackFideId "1707930"]
[WhiteElo "2384"]
[BlackElo "2417"]

1. d4 Nf6 2. c4 e6 3. Nc3 d5 4. cxd5 exd5 5. Bg5 Be7 6. e3 h6 7. Bf4 O-O 8. Bd3 c5 9. dxc5 Bxc5 10.
Nf3 Nc6 11. O-O a6 12. Rc1 Bd6 13. Bxd6 Qxd6 14. h3 Be6 15. Ne2 Rac8 16. Bb1 Ne5 17. Nxe5 Qxe5 18. Qd2 Rxc1 19. Rxc1 Rc8 20.
Rxc8+ Bxc8 21. Qc2 Bd7 22. Nd4 Qd6 23. Qc3 g6 24. Bd3 Ne8 25. Nf3 Nf6 26. Ne5 Be8 27. Qd4 Nd7 28. Nxd7 Bxd7 29.
Bc4 Bc6 30. Bb3 Qe6 31. f3 Qf5 32. Kf2 h5 33. g4 hxg4 34. hxg4 Qg5 35. Kg3 Qe7 36. Qf4 a5 37. Kf2 Qh4+ 38.
Kg2 Qe7 39. a3 Qc5 40. Qb8+ Kh7 41. Qh2+ Kg8 42. Qb8+ Kh7 43. Qf4 Kg8 44. Qb8+ Kh7 45. Qh2+ Kg8 1/2-1/2

[Event "Schack-SM 2022: Sverigemastarklassen"]
[Site "Fyrishov, Idrottsgatan 2, Uppsala, Sweden"]
[Date "2022.07.08"]
[Round "7.4"]
[White "Seo, Jung Min"]
[Black "Hector, Jonny"]
[Result "1/2-1/2"]
[TimeControl "90 minutes for 40 moves + 30 minutes for the rest of the game + 30 seconds per move from move one."]
[WhiteTitle "IM"]
[BlackTitle "GM"]
[WhiteFideId "1734687"]
[BlackFideId "1700090"]
[WhiteElo "2492"]
[BlackElo "2441"]

1. e4 e5 2. Nf3 Nc6 3. Bb5 a6 4. Ba4 Nf6 5. O-O Nxe4 6. d4 Be7 7. Re1 b5 8. Rxe4 d5 9. Nxe5 Nxe5 10.
Rxe5 bxa4 11. b3 O-O 12. Ba3 Bxa3 13. Nxa3 Qd6 14. Nb1 axb3 15. axb3 c5 16. Nc3 Bb7 17. Na4 Rac8 18. Re2 cxd4 19.
Qxd4 Rfe8 20. Rxe8+ Rxe8 21. h3 h5 22. Nc5 Bc8 23. c4 Re5 24. Nd3 Re4 25. Qxd5 Qxd5 26. cxd5 Rd4 27. Nc5 Rxd5 28.
Nxa6 Rb5 29. Nc7 Rb7 30. Nd5 Kh7 31. Nf4 Rxb3 32. Nxh5 Bb7 33. Re1 Rb4 34. Ng3 g6 35. f3 Kg7 36.
Nf1 Rb2 37. Ne3 Ba8 38. Rd1 Re2 39. Nc4 Bc6 40. Rd4 Ba4 41. Nb6 Bb3 42. Nc8 Rc2 43. Nd6 Rc1+ 44. Kf2 Rd1 45. Rxd1 Bxd1 46.
h4 Ba4 47. Ke3 Kf6 48. Kf4 Bc2 49. Ne4+ Kg7 50. Kg5 Bd3 51. Nf6 Be2 52. f4 Bd3 53. g3 Bc2 54. g4 Bb1 55. Ne8+ Kf8 56.
Nf6 Kg7 57. f5 gxf5 58. gxf5 Bc2 59. Ne8+ Kh7 60. Nd6 f6+ 61. Kxf6 Kh6 62. Ke7 Kh5 63. f6 Bg6 64. Nf5 Kg4 65.
Nh6+ Kxh4 66. Kf8 Kg5 67. Kg7 Bh5 68. Nf7+ Kf5 69. Nd6+ Ke5 70. Nc4+ Kf4 71. f7 Bxf7 72. Nd6 Ba2 1/2-1/2

[Event "Schack-SM 2022: Sverigemastarklassen"]
[Site "Fyrishov, Idrottsgatan 2, Uppsala, Sweden"]
[Date "2022.07.08"]
[Round "7.5"]
[White "Smith, Axel"]
[Black "Blomqvist, Erik"]
[Result "1-0"]
[TimeControl "90 minutes for 40 moves + 30 minutes for the rest of the game + 30 seconds per move from move one."]
[WhiteTitle "GM"]
[BlackTitle "GM"]
[WhiteFideId "1707930"]
[BlackFideId "1709437"]
[WhiteElo "2417"]
[BlackElo "2521"]

1. c4 e5 2. Nc3 Nf6 3. Nf3 e4 4. Ng5 c6 5. Ngxe4 Nxe4 6. Nxe4 d5 7. Nc3 dxc4 8. e3 Be6 9.
d3 cxd3 10. Bxd3 Nd7 11. O-O g6 12. b3 Bg7 13. Bb2 Nc5 14. Na4 Bxb2 15. Nxb2 Qg5 16. Bc4 Rd8 17. Qe2 Bf5 18. Rfd1 O-O 19.
f3 a5 20. Qf2 Bc8 21. Rxd8 Rxd8 22. Rd1 Rxd1+ 23. Nxd1 b5 24. Bf1 Qd8 25. Qc2 Qd6 26. Nf2 Bf5 27. Qb2 b4 28. Bc4 h5 29. Qd4 Qxd4 30. exd4 Nd7 31.
Nd3 Kf8 32. Kf2 Ke7 33. Ke3 g5 34. Kd2 f6 35. Nb2 c5 36. Bd3 Be6 37. Ke3 Kd6 38. Bc4 Bf5 39. Bd3 Bxd3 40. Nxd3 f5 41.
Nxc5 Nxc5 42. dxc5+ Kxc5 43. h4 gxh4 44. Kf4 Kd4 45. Kxf5 Kc3 46. f4 Kb2 47. Kg5 Kxa2 48. f5 a4 49. bxa4 b3 50. f6 b2 51.
f7 b1=Q 52. f8=Q Qe4 53. Qf2+ Kb3 54.
Kxh5 h3 55. Qg3+ Kxa4 56. Qxh3 Qh7+ 57. Kg5 Qg7+ 58. Kf5 Qf7+ 59. Ke5 Qg7+ 60. Ke4 Qg6 61. Ke3 Qg5+ 62. Ke2 Kb5 63. Qb3+ Kc6 64.
Qe6+ Kc7 65. Kf3 Kd8 66. g3 Qh5+ 67. g4 Qg5 68. Ke4 Qc5 69. Kf4 Qf8+ 70. Kg5 Qg7+ 71. Kh5 Qh7+ 72. Qh6 Qf7+ 73. Qg6 Qf3 74. Qe6 Qd3 75.
Kh6 Qh3+ 76. Kg7 Qg3 77. Kf7 Qc7+ 78. Kg6 Qc2+ 79. Kg7 Qc5 80. Qf6+ Kc7 81. g5 Qe3 82. g6 Kd7 83. Kh7 Qe4 84.
Qf7+ Kd8 85. Kg8 Qh4 86. Qe6 Qh6 87. Qf6+ 1-0

[Event "Schack-SM 2022: Sverigemastarklassen"]
[Site "Fyrishov, Idrottsgatan 2, Uppsala, Sweden"]
[Date "2022.07.08"]
[Round "7.1"]
[White "Jogstad, Martin"]
[Black "Cramling, Pia"]
[Result "0-1"]
[TimeControl "90 minutes for 40 moves + 30 minutes for the rest of the game + 30 seconds per move from move one."]
[WhiteTitle "FM"]
[BlackTitle "GM"]
[WhiteFideId "1715364"]
[BlackFideId "1700030"]
[WhiteElo "2384"]
[BlackElo "2459"]

1. Nf3 c5 2. c4 Nf6 3. g3 d5 4. cxd5 Nxd5 5. Nc3 Nc6 6. Bg2 Nc7 7. d3 e5 8. Be3 Be7 9. Rc1 Bd7 10.
Nd2 Rb8 11. O-O O-O 12. Nc4 f6 13. Ne4 Nd4 14. f4 Bg4 15. Rf2 b5 16. Na5 Nce6 17. Qd2 Rc8 18. Kf1 f5 19. Ng5 Bxg5 20.
fxg5 f4 21. gxf4 exf4 22. Bxd4 Nxd4 23. Nb7 Qe7 24. Be4 Qxg5 25. Nd6 Rcd8 26. Nb7 Rd5 27. b4 cxb4 28. Qxb4 Bh3+ 29. Ke1 Rd7 30.
Kd2 Qh4 31. Ke1 Qg5 32. Kd2 Bf5 33. Rc5 f3+ 34. e3 Qg1 35. exd4 Qxf2+ 36. Kc1 Bxe4 37. dxe4 Qe3+ 38. Kb1 Qxe4+ 39. Kc1 f2 0-1

[Event "Schack-SM 2022: Sverigemastarklassen"]
[Site "Fyrishov, Idrottsgatan 2, Uppsala, Sweden"]
[Date "2022.07.08"]
[Round "7.2"]
[White "Johansson, Linus"]
[Black "Hillarp, Tiger"]
[Result "0-1"]
[TimeControl "90 minutes for 40 moves + 30 minutes for the rest of the game + 30 seconds per move from move one."]
[WhiteTitle "IM"]
[BlackTitle "GM"]
[WhiteFideId "1711113"]
[BlackFideId "1700812"]
[WhiteElo "2468"]
[BlackElo "2516"]

1. d4 Nf6 2. c4 e6 3. Nc3 Bb4 4. e3 O-O 5. a3 Bxc3+ 6. bxc3 b6 7. Bd3 Bb7 8. f3 Ba6 9. e4 Ne8 10.
Nh3 Nc6 11. O-O Na5 12. Qe2 f6 13. a4 c5 14. Ba3 Rc8 15. Nf2 Rf7 16. dxc5 Nb3 17. Ra2 Nxc5 18. Bxc5 Rxc5 19. a5 bxa5 20.
Rfa1 Nd6 21. Nd1 Bxc4 22. Bxc4 Nxc4 23. Ne3 Nxe3 24. Qxe3 Qc7 25. Qd2 f5 26. c4 fxe4 27. Rxa5 Rxa5 28.
Qxa5 Qxa5 29. Rxa5 exf3 30. g3 f2+ 31. Kf1 Kf8 32. Rxa7 Ke8 33. c5 e5 34. Rb7 Rf6 35. Rb8+ Ke7 36.
Rg8 Rf7 37. Rc8 e4 0-1

[Event "Schack-SM 2022: Sverigemastarklassen"]
[Site "Fyrishov, Idrottsgatan 2, Uppsala, Sweden"]
[Date "2022.07.08"]
[Round "7.3"]
[White "Carlsson, Ludvig"]
[Black "Westerberg, Jonathan"]
[Result "0-1"]
[TimeControl "90 minutes for 40 moves + 30 minutes for the rest of the game + 30 seconds per move from move one."]
[WhiteTitle "IM"]
[BlackTitle "GM"]
[WhiteFideId "1727010"]
[BlackFideId "1701754"]
[WhiteElo "2399"]
[BlackElo "2476"]

1. d4 Nf6 2. Nf3 g6 3. c4 Bg7 4. Nc3 d5 5.
Bf4 O-O 6. e3 c5 7. dxc5 Qa5 8. Rc1 dxc4 9. Bxc4 Qxc5 10. Bb3 Nc6 11. O-O Qa5 12. h3 h6 13. Bh2 e5 14. Qe2 Re8 15.
Nd2 Be6 16. Rfd1 Bxb3 17. Nxb3 Qb4 18. Nd5 Nxd5 19. Rxd5 Rad8 20. Rb5 Qe7 21. Bg3 a6 22. Rbc5 Rd7 23. a3 Qe6 24. Rxc6 Qxb3 25.
R6c3 Qb6 26. e4 Red8 27. Rc8 Kh7 28. Rxd8 Qxd8 29. Rc5 h5 30. h4 Bf6 31. Bxe5 Rd1+ 32. Kh2 Bxe5+ 33. Rxe5 Qxh4# 0-1

[Event "Schack-SM 2022: Sverigemastarklassen"]
[Site "Fyrishov, Idrottsgatan 2, Uppsala, Sweden"]
[Date "2022.07.07"]
[Round "6.1"]
[White "Westerberg, Jonathan"]
[Black "Johansson, Linus"]
[Result "1/2-1/2"]
[TimeControl "90 minutes for 40 moves + 30 minutes for the rest of the game + 30 seconds per move from move one."]
[WhiteTitle "GM"]
[BlackTitle "IM"]
[WhiteFideId "1701754"]
[BlackFideId "1711113"]
[WhiteElo "2476"]
[BlackElo "2468"]

1. Nf3 d5 2. c4 e6 3. g3 Nf6 4. Bg2 d4 5. O-O c5 6. e3 Nc6 7. exd4 cxd4 8. d3 Bd6 9. Na3 O-O 10.
Nc2 e5 11. Rb1 Rb8 12. Bg5 h6 13. Bxf6 Qxf6 14. b4 Bg4 15. a3 Rbd8 16. Nce1 e4 17. dxe4 d3 18. h3 Bh5 19. Qd2 Rfe8 20.
c5 Bf8 21. Rb3 Bg6 22. Rxd3 Bxe4 23. Rxd8 Rxd8 24. Qe3 Bh7 25. Nd2 a5 26. Ne4 Qb2 27. bxa5 Nxa5 28. Nd6 Bg6 29. Nf3 Bxd6 30.
cxd6 Rxd6 31. Qc5 Qb6 32. Rc1 Qxc5 33. Rxc5 Nc6 34. Nh4 Rd1+ 35. Kh2 Rd2 36. Nxg6 fxg6 37. Bd5+ Kf8 38. Kg2 Rd3 39.
Rb5 Nd8 40. a4 b6 41. Be4 Rd6 42. Rd5 Rxd5 43. Bxd5 Ke7 44. Be4 g5 45. Kf3 Ne6 46. Ke3 Kd6 47. Bf5 Ke5 48. Bxe6 Kxe6 49.
Ke4 g6 50. f3 Kd6 51. Kd4 Ke6 52. Kc4 Kd6 53. Kd4 Kd5+ 1/2-1/2

[Event "Schack-SM 2022: Sverigemastarklassen"]
[Site "Fyrishov, Idrottsgatan 2, Uppsala, Sweden"]
[Date "2022.07.07"]
[Round "6.2"]
[White "Cramling, Pia"]
[Black "Seo, Jung Min"]
[Result "1/2-1/2"]
[TimeControl "90 minutes for 40 moves + 30 minutes for the rest of the game + 30 seconds per move from move one."]
[WhiteTitle "GM"]
[BlackTitle "IM"]
[WhiteFideId "1700030"]
[BlackFideId "1734687"]
[WhiteElo "2459"]
[BlackElo "2492"]

1. d4 Nf6 2. c4 e6 3. Nf3 d5 4. Nc3 Bb4 5. Bg5 h6 6. Bxf6 Qxf6 7. Qb3 c5 8. cxd5 exd5 9. e3 O-O 10.
dxc5 Bxc3+ 11. Qxc3 Qxc3+ 12. bxc3 Nd7 13. c6 bxc6 14. c4 dxc4 15. Bxc4 Nb6 16. Bb3 Bf5 17. Rc1 Be4 18. O-O Rac8 19.
Rc5 Bxf3 20. gxf3 Rc7 21. Rfc1 Rfc8 22. f4 Nd7 23. Rf5 Nb6 24. Rfc5 Nd7 25. Rf5 Nb6 26. Rfc5 Nd7 27. Rf5 1/2-1/2

[Event "Schack-SM 2022: Sverigemastarklassen"]
[Site "Fyrishov, Idrottsgatan 2, Uppsala, Sweden"]
[Date "2022.07.07"]
[Round "6.3"]
[White "Hillarp, Tiger"]
[Black "Smith, Axel"]
[Result "1-0"]
[TimeControl "90 minutes for 40 moves + 30 minutes for the rest of the game + 30 seconds per move from move one."]
[WhiteTitle "GM"]
[BlackTitle "GM"]
[WhiteFideId "1700812"]
[BlackFideId "1707930"]
[WhiteElo "2516"]
[BlackElo "2417"]

1. c4 e6 2. d4 d5 3. Nc3 c5 4. cxd5 exd5 5. Nf3 Nc6 6. g3 Nf6 7. Bg2 cxd4 8. Nxd4 Bc5 9. Nxc6 bxc6 10.
O-O O-O 11. Na4 Bb6 12. b3 Re8 13. Nxb6 axb6 14. Bb2 Bf5 15. Re1 Be4 16. f3 Bg6 17. a4 c5 18. e3 Ra7 19. Qd2 h5 20.
b4 Qa8 21. a5 bxa5 22. bxc5 a4 23. Ra3 Rb8 24. Bd4 Rb3 25. Rea1 Rxa3 26. Rxa3 Bf5 27. Bf1 Qc6 28. Qb4 Bc8 29.
Bb5 Qe6 30. Rxa4 Rxa4 31. Qxa4 h4 32. Bf1 hxg3 33. hxg3 Nh5 34. g4 Ng3 35. Bd3 Ne4 36. fxe4 Qxg4+ 37. Kf2 Qh4+ 38. Ke2 Bg4+ 39.
Kd2 dxe4 40. Qe8+ Kh7 41. Qxf7 exd3 42. Qxg7# 1-0

[Event "Schack-SM 2022: Sverigemastarklassen"]
[Site "Fyrishov, Idrottsgatan 2, Uppsala, Sweden"]
[Date "2022.07.07"]
[Round "6.4"]
[White "Hector, Jonny"]
[Black "Carlsson, Ludvig"]
[Result "1-0"]
[TimeControl "90 minutes for 40 moves + 30 minutes for the rest of the game + 30 seconds per move from move one."]
[WhiteTitle "GM"]
[BlackTitle "IM"]
[WhiteFideId "1700090"]
[BlackFideId "1727010"]
[WhiteElo "2441"]
[BlackElo "2399"]

1. e4 c5 2. Nf3 d6 3. d4 cxd4 4. Nxd4 Nf6 5. Nc3 a6 6. Bg5 e6 7. f4 Nbd7 8. Qf3 Qc7 9. Bd3 b5 10.
a3 Qb6 11. Bh4 Bb7 12. Bf2 Qc7 13. g4 d5 14. e5 Nxe5 15. fxe5 Nd7 16. Bg3 Nxe5 17. Qe2 Bd6 18. Bxb5+ Kf8 19.
O-O-O 1-0